 Dungeon Crawl Stone Soup version 0.29.0-4-gdea44cf6ec (webtiles) character file.

Game seed: 17825543946001183051

690 qw the Cleaver (level 7, -4/60 (61) HPs)
             Began as a Minotaur Berserker on Sept 10, 2022.
             Was a Priest of Trog.
             Slain by a vampire (11 damage)
             ... on level 5 of the Dungeon.
             The game lasted 00:01:39 (5107 turns).

qw the Cleaver (Minotaur Berserker)                 Turns: 5107, Time: 00:01:40

HP:   -4/60 (61)    AC:  7    Str: 23    XL:     7   Next: 36%
MP:   6/6           EV: 11    Int: 11    God:    Trog [***...]
Gold: 223           SH:  0    Dex: 14    Spells: 6/6 levels left

rFire   + . .      SeeInvis .   Y - +0 war axe
rCold   + . .      Faith    .   (no shield)
rNeg    . . .      Spirit   .   e - +0 ring mail
rPois   .          Reflect  .   (helmet restricted)
rElec   .          Harm     .   o - scarf {rC+ rF+}
rCorr   +          Rampage  .   p - +1 pair of gloves "Vomesoke" {Contam Int+7 Dex+4}
Will    .....                   (no boots)
Stlth   +.........              (no amulet)
HPRegen 0.20/turn               f - ring of resist corrosion
MPRegen 0.10/turn               (no ring)

@: lightly drained
A: horns 2, retaliatory headbutt
a: Renounce Religion, Berserk, Trog's Hand


You were on level 5 of the Dungeon.
You worshipped Trog.
Trog was most pleased with you.
You visited 1 branch of the dungeon, and saw 5 of its levels.

You collected 223 gold pieces.


Innate Abilities, Weirdness & Mutations

You have a pair of horns on your head.
You reflexively headbutt those who attack you in melee.


   Skills:
 - Level 5.3 Fighting
 + Level 9.6 Axes
 - Level 2.4 Armour
 - Level 2.1 Dodging


You had 6 spell levels left.
You didn't know any spells.
Your spell library was empty.

Inventory:

Hand Weapons
 b - a +0 morningstar
 Y - a +0 war axe (weapon)
Armour
 d - the +3 pair of boots of Saeguo {Harm Fly rF- Int+2}
   (You acquired it on level 1 of the Dungeon)

   Int:       It affects your intelligence (+2).
   rF:        It makes you vulnerable to fire.
   Fly:       It grants you flight.
   Harm:      It increases damage dealt and taken.
 e - a +0 ring mail (worn)
 g - a +0 cloak
 i - a +2 robe of resistance
 o - a scarf of resistance (worn)
 p - the +1 pair of gloves "Vomesoke" (worn) {Contam Int+7 Dex+4}
   (You acquired it on level 4 of the Dungeon)

   Int:       It affects your intelligence (+7).
   Dex:       It affects your dexterity (+4).
   Contam:    It causes magical contamination when unequipped.
Jewellery
 f - a ring of resist corrosion (left hand)
 k - an amulet of faith
Scrolls
 a - a scroll of identify
 l - 2 scrolls of enchant armour
Potions
 c - a potion of resistance
 h - a potion of invisibility {unknown}
 j - a potion of cancellation {unknown}
 n - a potion of brilliance {unknown}
 r - a potion of curing {unknown}

Dungeon Overview and Level Annotations

Branches:
Dungeon (5/15)
 Temple: D:4-7

Altars:
Ashenzari
Dithmenos
Kikubaaqudgha
Nemelex Xobeh
Qazlal
Ru
Trog
Zin

Portals:
Abyss: D:5

Annotations:
D:5 qw's ghost, novice GrBe


Message History

You barely miss the white imp. Your headbutt misses the white imp.
The white imp barely misses you.
You barely miss the white imp. The white imp gestures at you.
The puff of frost misses you.
You closely miss the white imp. The white imp barely misses you.
You slash the white imp!
You kill the white imp!
Trog accepts your kill.
l - 2 scrolls of enchant armour (gained 1)
Found a stone staircase leading up.
Enter note:
There is a stone staircase leading up here.
You now have 223 gold pieces (gained 13).
A vampire comes into view.
The vampire gestures wildly while chanting.
The vampire flickers and vanishes!
Deactivating autopickup; reactivate with Ctrl-A.
You swing at nothing.
You swing at nothing.
You swing at nothing.
You swing at nothing.
You slash something! Your headbutt misses something. Something hits you!
Something bites you.
Something draws strength from your injuries!
You hit something but do no damage. Your headbutt misses something.
Something hits you! Something bites you!
Something draws strength from your injuries!
You miss something. Your headbutt misses something. Something hits you.
Something barely misses you.
You barely miss something. Your headbutt misses something. Something hits you.
Something bites you!
Something draws strength from your injuries!
You hit something but do no damage. You headbutt something. Something hits you.
Something bites you!
Something draws strength from your injuries!
You hit something but do no damage. Your headbutt misses something.
Something hits you!
You die...

#...#..####.>.......
#...............###
##.....####.....#
#....## ##....##
#....######.....# #
#........>.....##\#
##...#######..##..#
#...# #..#W.# #..@#
#..###...# #..{#
#...# ## #...# #...#
#...# #..## #....
#..# . #..### #..##
.. #..# #. #...####
#.. #.# #......##
###.####.......#


There were no monsters in sight!

Vanquished Creatures
  A centaur (D:4)
  A necrophage (D:4)
  4 wights (D:5)
  An orc priest (D:3)
  A jelly (D:5)
  Jessica (D:3)
  4 orc wizards
  Robin (D:3)
  3 adders
  A white imp (D:5)
  An ufetubus (D:4)
  A worm (D:4)
  A dart slug (D:4)
  6 orcs
  4 bats
  7 endoplasms
  2 giant cockroaches (D:2)
  9 goblins
  13 hobgoblins
  14 jackals
  11 kobolds
  4 quokkas
  6 ball pythons
  5 frilled lizards (D:1)
  4 rats
106 creatures vanquished.

Vanquished Creatures (others)
  A jelly (D:3)
1 creature vanquished.

Grand Total: 107 creatures vanquished

Notes
Turn   | Place    | Note
-------+----------+-------------------------------------------
     0 | D:1      | qw the Minotaur Berserker began the quest for the Orb.
     0 | D:1      | Reached XP level 1. HP: 19/19 MP: 0/0
     0 | D:1      | 0 ||| qw: Version: 0.1-a-116-g5d60599
     0 | D:1      | 0 ||| qw: Game counter: 7473
     0 | D:1      | 0 ||| qw: Always use a shield: true
     0 | D:1      | 0 ||| qw: Do Orc after D:15 true
     0 | D:1      | 0 ||| qw: Do second Lair branch before Depths: true
     0 | D:1      | 0 ||| qw: Lair rune preference: random
     0 | D:1      | 0 ||| qw: Plans: Normal
     0 | D:1      | 0 ||| PLANNING D:1-11
   143 | D:1      | Reached skill level 4 in Axes
   219 | D:1      | Reached XP level 2. HP: 20/26 MP: 1/1
   405 | D:1      | 405 ||| Stepping ~*~*~tactically~*~*~ (stealth).
   410 | D:1      | 410 ||| Stepping ~*~*~tactically~*~*~ (stealth).
   498 | D:1      | 498 ||| INVOKING Berserk.
   537 | D:1      | 537 ||| INVOKING Berserk.
   539 | D:1      | Reached skill level 5 in Axes
   732 | D:1      | Found a bloodstained altar of Trog.
   738 | D:1      | Reached XP level 3. HP: 31/31 MP: 2/2
   741 | D:1      | 741 ||| Stepping ~*~*~tactically~*~*~ (stealth).
   743 | D:1      | 743 ||| Stepping ~*~*~tactically~*~*~ (stealth).
   744 | D:1      | 744 ||| Stepping ~*~*~tactically~*~*~ (stealth).
   747 | D:1      | 747 ||| Stepping ~*~*~tactically~*~*~ (stealth).
   771 | D:1      | 771 ||| DROPPING +0 club.
   813 | D:1      | 813 ||| Stepping ~*~*~tactically~*~*~ (stealth).
   851 | D:1      | 851 ||| Stepping ~*~*~tactically~*~*~ (stealth).
   853 | D:1      | 853 ||| Stepping ~*~*~tactically~*~*~ (stealth).
   855 | D:1      | 855 ||| Stepping ~*~*~tactically~*~*~ (stealth).
   857 | D:1      | 857 ||| Stepping ~*~*~tactically~*~*~ (stealth).
   999 | D:1      | Reached ** piety under Trog
  1470 | D:1      | 1470 ||| UPGRADING to ring of resist corrosion.
  1471 | D:1      | 1471 ||| READING 3 scrolls labelled VUYGUMAMNE.
  1472 | D:1      | 1472 ||| READING scroll labelled SEKLOO JEGE.
  1472 | D:1      | Identified a scroll of acquirement
  1472 | D:1      | 1472 ||| ACQUIRING +3 pair of boots of Saeguo {Harm Fly rF-
                  | Int+2}
  1472 | D:1      | Acquired the +3 pair of boots of Saeguo {Harm Fly rF-
                  | Int+2}
  1474 | D:1      | 1474 ||| READING scroll labelled GEJYAF BERU.
  1475 | D:1      | 1475 ||| READING 2 scrolls of identify.
  1475 | D:1      | 1475 ||| IDENTIFYING fizzy coppery potion
  1497 | D:2      | 1497 ||| STAIRDANCE
  1502 | D:2      | 1502 ||| STAIRDANCE
  1580 | D:2      | 1580 ||| STAIRDANCE
  1917 | D:2      | Found a faded altar of an unknown god.
  2121 | D:2      | 2121 ||| UPGRADING to +0 ring mail.
  2131 | D:2      | 2131 ||| DROPPING +0 animal skin.
  2132 | D:2      | 2132 ||| READING scroll labelled ICLAUSTRIMUN.
  2133 | D:2      | 2133 ||| READING 2 scrolls of identify.
  2133 | D:2      | 2133 ||| IDENTIFYING bubbling pink potion
  2134 | D:2      | 2134 ||| DROPPING potion of flight.
  2209 | D:3      | Found a sacrificial altar of Ru.
  2371 | D:3      | 2371 ||| DROPPING +0 whip.
  2482 | D:3      | 2482 ||| Stepping ~*~*~tactically~*~*~ (hiding).
  2485 | D:3      | 2485 ||| INVOKING Berserk.
  2486 | D:3      | Reached skill level 6 in Axes
  2486 | D:3      | Reached XP level 4. HP: 39/39 MP: 3/3
  2844 | D:3      | Found a glowing silver altar of Zin.
  2869 | D:3      | Reached XP level 5. HP: 45/45 MP: 4/4
  2870 | D:3      | Reached skill level 7 in Axes
  2874 | D:3      | Found a stormy altar of Qazlal.
  2969 | D:3      | 2969 ||| Stepping ~*~*~tactically~*~*~ (cloud).
  2972 | D:3      | 2972 ||| Stepping ~*~*~tactically~*~*~ (cloud).
  2983 | D:3      | 2983 ||| Stepping ~*~*~tactically~*~*~ (stealth).
  3016 | D:3      | Noticed Jessica
  3018 | D:3      | Killed Jessica
  3062 | D:3      | Noticed Robin
  3063 | D:3      | 3063 ||| Stepping ~*~*~tactically~*~*~ (stealth).
  3069 | D:3      | 3069 ||| INVOKING Berserk.
  3070 | D:3      | Killed Robin
  3073 | D:3      | Reached *** piety under Trog
  3144 | D:3      | 3144 ||| UPGRADING to +0 cloak.
  3362 | D:3      | 3362 ||| READING scroll labelled FETIPU WING.
  3363 | D:3      | 3363 ||| DRINKING 2 fizzy silvery potions.
  3397 | D:3      | 3397 ||| DROPPING potion of lignification.
  3507 | D:4      | 3507 ||| Stepping ~*~*~tactically~*~*~ (stealth).
  3508 | D:4      | 3508 ||| Stepping ~*~*~tactically~*~*~ (stealth).
  3515 | D:4      | 3515 ||| Stepping ~*~*~tactically~*~*~ (stealth).
  3533 | D:4      | 3533 ||| Stepping ~*~*~tactically~*~*~ (hiding).
  3534 | D:4      | 3534 ||| Stepping ~*~*~tactically~*~*~ (hiding).
  3537 | D:4      | 3537 ||| INVOKING Berserk.
  3549 | D:4      | Reached skill level 8 in Axes
  3549 | D:4      | Reached XP level 6. HP: 42/52 MP: 5/5
  3621 | D:4      | 3621 ||| SWAPPING to +0 war axe.
  3622 | D:4      | 3622 ||| DROPPING +0 hand axe.
  3793 | D:4      | 3793 ||| Stepping ~*~*~tactically~*~*~ (stealth).
  3795 | D:4      | 3795 ||| Stepping ~*~*~tactically~*~*~ (hiding).
  3800 | D:4      | 3800 ||| Stepping ~*~*~tactically~*~*~ (stealth).
  3856 | D:4      | 3856 ||| Stepping ~*~*~tactically~*~*~ (stealth).
  3858 | D:4      | 3858 ||| Stepping ~*~*~tactically~*~*~ (hiding).
  3966 | D:4      | 3966 ||| Stepping ~*~*~tactically~*~*~ (stealth).
  3967 | D:4      | 3967 ||| Stepping ~*~*~tactically~*~*~ (stealth).
  3972 | D:4      | 3972 ||| READING scroll of acquirement.
  3972 | D:4      | 3972 ||| ACQUIRING +1 pair of gloves "Vomesoke" {Contam
                  | Int+7 Dex+4}
  3972 | D:4      | Acquired the +1 pair of gloves "Vomesoke" {Contam Int+7
                  | Dex+4}
  3974 | D:4      | 3974 ||| Stepping ~*~*~tactically~*~*~ (stealth).
  3975 | D:4      | 3975 ||| UPGRADING to scarf of resistance.
  3985 | D:4      | 3985 ||| UPGRADING to +1 pair of gloves "Vomesoke" {Contam
                  | Int+7 Dex+4}.
  4042 | D:4      | Found a sparkling altar of Nemelex Xobeh.
  4117 | D:4      | Found a shadowy altar of Dithmenos.
  4318 | D:4      | Found a broken altar of Ashenzari.
  4318 | D:4      | Found an ancient bone altar of Kikubaaqudgha.
  4331 | D:4      | 4331 ||| READING scroll labelled MOOCUGHILYW.
  4332 | D:4      | 4332 ||| READING scroll labelled BOIGGA HUMAI.
  4333 | D:4      | 4333 ||| DRINKING 2 clear potions.
  4334 | D:4      | 4334 ||| DRINKING 2 metallic grey potions.
  4439 | D:4      | 4439 ||| DROPPING potion of magic.
  4440 | D:4      | 4440 ||| DROPPING potion of berserk rage.
  4450 | D:5      | Entered Level 5 of the Dungeon
  4456 | D:5      | 4456 ||| INVOKING Berserk.
  4458 | D:5      | Reached skill level 9 in Axes
  4585 | D:5      | Reached XP level 7. HP: 51/60 MP: 6/6
  4642 | D:5      | 4642 ||| INVOKING Berserk.
  4809 | D:5      | 4809 ||| INVOKING Berserk.
  5023 | D:5      | Found a one-way gate to the infinite horrors of the Abyss.
  5023 | D:5      | Noticed qw's ghost (novice GrBe)
  5096 | D:5      | Noticed a vampire
  5106 | D:5      | HP: 13/60 [something (4)]
  5106 | D:5      | HP: 6/60 [something (7)]
  5107 | D:5      | Slain by a vampire

Levels and vault maps discovered:
D:1:      scummos_arrival_simple_fountains, layout_basic, minmay_hexomino_r4
D:2:      layout_rooms, dreamdust_ecumenical_altar_statues
D:3:      layout_loops_corners, nicolae_ru_sacrificial_ziggurat,
          mainiacjoe_overflow_chevrons, mainiacjoe_overflow_cross_hatched,
          grunt_ministairs_15, lemuel_old_faithful, uniq_jessica, uniq_robin
D:4:      layout_rooms, mainiacjoe_overflow_brackets,
          nicolae_dithmenos_the_darkroom, gammafunk_temple_overflow_pools
D:5:      layout_loops_ring, nzn_wu_jian_council_hall,
          gammafunk_ghost_abyssal_escape, nicolae_figureground_pulse, uniq_ijyb,
          uniq_menkaure

Skill      XL: |  1  2  3  4  5  6  7 |
---------------+----------------------+-----
Axes           | 4 5 6 8 9 |  9.6
Fighting       | 4 5 |  5.3
Armour         | |  2.4
Dodging        | |  2.1

Action                   |  1- 3 |  4- 6 |  7- 9 || total
-------------------------+-------+-------+-------++-------
Melee: Hand axe          |   104 |    62 |       ||   166
       Headbutt          |    10 |    17 |     2 ||    29
       Punch             |       |     1 |       ||     1
       War axe           |       |    41 |    27 ||    68
Throw: Boomerang         |     5 |       |       ||     5
Invok: Berserk           |     3 |     3 |     2 ||     8
  Use: Scroll            |     6 |     4 |       ||    10
       Potion            |       |     3 |       ||     3
Armor: Animal skin       |    13 |       |       ||    13
       Ring mail         |     2 |    34 |     3 ||    39
Dodge: Dodged            |    60 |    39 |     9 ||   108

Table legend:
 A = Non-vault XP
 B = Vault XP
 C = Vault XP percentage of total XP
 D = Non-vault monster count
 E = Vault monster count
 F = Vault count percentage of total count
                 A         B        C        D         E       F
            +---------+---------+-------+---------+---------+-------
      Total |     828 |     158 |  16.0 |      87 |      19 |  17.9
            +---------+---------+-------+---------+---------+-------
        D:1 |      54 |       5 |   8.5 |      32 |       3 |   8.6
        D:2 |      22 |       0 |   0.0 |      13 |       0 |   0.0
        D:3 |      43 |     153 |  78.1 |      16 |      16 |  50.0
        D:4 |     336 |       0 |   0.0 |      18 |       0 |   0.0
        D:5 |     373 |       0 |   0.0 |       8 |       0 |   0.0
            +---------+---------+-------+---------+---------+-------
